cohdb
Replays
Latest Replays
All Replays
Popular Replays
Top Player Replays
Match Explorer
How It Works
Community
CoH3 Stats
Reddit
Sign in to upload your games and track your stats! →
Sign in with Steam
Match 43811632
Unlisted
Match 43811632
Overview
Messages
Build Orders
End
Construct Barracks
Selects Advanced Infantry Battlegroup
Riflemen Squad
M1 Mortar Team
Riflemen Squad
Infantry Support Center
Selects Convert to Ranger Squad
Convert to Ranger Squad
Riflemen Squad
Selects Frontline Medical Station
Convert to Ranger Squad
Riflemen Squad
Convert to Ranger Squad
Survival Training
Advanced Logistics
Convert to Ranger Squad
Construct Tank Depot
Frontline Medical Station
Chikage
An.Ritter
JT
只出曲线
B1t
SkyCurv
小方2333
五杆大长枪
0
0
Comments
sign in to comment!
No comments posted yet!